 Dungeon Crawl Stone Soup version 0.18.1-48-g4cf74bf (webtiles) character file.

207 Joat the Skirmisher (level 5, 0/42 HPs)
             Began as a Demonspawn Fighter on Aug 6, 2016.
             Succumbed to a kobold's poison
             ... on level 3 of the Dungeon.
             The game lasted 00:09:34 (2399 turns).

Joat the Skirmisher (Demonspawn Fighter)            Turns: 2399, Time: 00:09:35

Health: 0/42       AC: 16    Str: 20 (21) XL:     5   Next: 54%
Magic:  6/6        EV:  4    Int:  9 (11) God:
Gold:   178        SH:  9    Dex:  8 (11) Spells: 0 memorised, 4 levels left

rFire  . . .     SeeInvis .     a - +0 war axe
rCold  + . .     Gourm    .     s - +0 plate armour
rNeg   . . .     Faith    .     c - +0 shield
rPois  .         Spirit   .     (no helmet)
rElec  .         Dismiss  .     m - +0 cloak
rCorr  +         Reflect  .     (no gloves)
SustAt .         Harm     .     (no boots)
MR     .....                    o - amulet of rage
Stlth  ..........               r - ring of protection from cold
                                i - ring of resist corrosion

@: mighty, lethally poisoned (0 -> -16), exhausted, slowed, very slow, not
resistant to hostile enchantments, extremely unstealthy
A: rough black scales 1, nightstalker 1
a: Evoke Berserk Rage


You were on level 3 of the Dungeon.
You were not hungry.

You visited 1 branch of the dungeon, and saw 3 of its levels.

You collected 178 gold pieces.

Inventory:

Hand Weapons
 a - a +0 war axe (weapon)
Armour
 c - a +0 shield (worn)
 m - a +0 cloak (worn)
 s - a +0 plate armour (worn)
Jewellery
 i - a ring of resist corrosion (left hand)
 o - an amulet of rage (around neck)
 r - a ring of protection from cold (right hand)
Scrolls
 e - 3 scrolls of identify {unknown}
 h - 2 scrolls of remove curse {unknown}
 l - 3 scrolls of magic mapping {unknown}
 n - 2 scrolls of teleportation {unknown}
 p - a scroll of enchant weapon {unknown}
 q - a scroll of blinking {unknown}
 t - 2 scrolls of recharging {unknown}
Potions
 d - a potion of might
Comestibles
 f - 2 bread rations
 g - 2 chunks of flesh
 k - a slice of pizza


   Skills:
 + Level 3.9 Fighting
 * Level 2.2 Axes
 + Level 3.6 Armour
 - Level 1.0 Dodging
 + Level 3.6 Shields
 + Level 1.7 Evocations


You had 4 spell levels left.
You didn't know any spells.

Dungeon Overview and Level Annotations

Branches:
Dungeon (3/15)

Altars:
Ashenzari
Fedhas
Kikubaaqudgha
Pakellas


Innate Abilities, Weirdness & Mutations

You are partially covered in rough black scales (AC +4, Dex -1).
You are slightly more attuned to the shadows.


Message History

You feel sick. Something hits you but does no damage.
The kobold shoots a poisoned needle.
You block the poisoned needle. Something hits you but does no damage.
The kobold shoots a poisoned needle.
The poisoned needle hits you!
You are more poisoned.
Drink which item? (? for menu, Esc to quit)
Okay, then.
Read which item? (? for menu, Esc to quit)
As you read the scroll labeled NEADGH QIOGA, it crumbles to dust.
You hear a loud clanging noise!
It was a scroll of noise.
* * * LOW HITPOINT WARNING * * *
You feel very sick.
Something hits you but does no damage. x2; The kobold shoots a poisoned needle.
You block the poisoned needle.
Read which item? (? for menu, Esc to quit)
Okay, then.
Drink which item? (? for menu, Esc to quit)
You feel very mighty all of a sudden.
You die...

#..#$(?#...# #..#)((#...##
#..#?)[#....#############
#..#####..........#.....##
#........................#######
..........#....................#
...........................#.#.##
...............[).(.............#
.............K.†@..(.......#.#..#
...............{................#
......)............)............#
.....)..........................#
...........######..###..........#
..........####.......####.#.#####
.#..#####.###..##.##..........###
###.#####.#...###.......<........
.#..##.......## ####.####.....###


You could see a kobold.

Vanquished Creatures
  2 orc priests (D:3)
  An iguana (D:3)
  3 adders
  An ooze (D:2)
  A worm (D:3)
  A dart slug (D:1)
  A giant gecko (D:3)
  13 orcs (D:3)
  A giant cockroach (D:1)
  10 goblins
  10 hobgoblins
  7 jackals
  2 ball pythons
  2 bats
  A giant newt (D:1)
  5 kobolds
  5 rats
66 creatures vanquished.

Vanquished Creatures (others)
  A wolf spider (D:2)
1 creature vanquished.

Grand Total: 67 creatures vanquished

Notes
Turn   | Place    | Note
--------------------------------------------------------------
     0 | D:1      | Joat the Demonspawn Fighter began the quest for the Orb.
     0 | D:1      | Reached XP level 1. HP: 18/18 MP: 1/1
    79 | D:1      | Gained mutation: You are slightly more attuned to the shadows. [demonic ancestry]
    79 | D:1      | Reached XP level 2. HP: 18/24 MP: 2/2
   522 | D:2      | Reached skill level 1 in Evocations
   551 | D:2      | Reached XP level 3. HP: 17/29 MP: 3/3
   605 | D:2      | Found an oddly glowing altar of Pakellas.
   605 | D:2      | Noticed a wolf spider
   615 | D:2      | Killed a wolf spider
  1071 | D:2      | Found a shattered altar of Ashenzari.
  1110 | D:2      | Found an ancient bone altar of Kikubaaqudgha.
  1130 | D:2      | Found a blossoming altar of Fedhas.
  1456 | D:3      | Reached XP level 4. HP: 22/36 MP: 4/4
  1941 | D:3      | Reached skill level 1 in Dodging
  2058 | D:3      | Gained mutation: You are partially covered in rough black scales (AC +4, Dex -1). [demonic ancestry]
  2058 | D:3      | Reached XP level 5. HP: 25/42 MP: 6/6
  2091 | D:3      | Found a faded altar to an unknown god.
  2398 | D:3      | HP: 2/42 [poisoned by a kobold]
  2399 | D:3      | Succumbed to a kobold's poison

Skill      XL: |  1  2  3  4  5 |
---------------+----------------+-----
Shields        | 3 |  3.6
Evocations     | 1 |  1.7
Armour         | 3 |  3.6
Dodging        | 1 |  1.0
Axes           | 2 |  2.2
Fighting       | |  3.9

Action                   |  1- 3 |  4- 6 || total
-------------------------+-------+-------++-------
Melee: War axe           |   146 |   174 ||   320
 Abil: Evoke Berserk Rag |       |     1 ||     1
  Use: Potion            |     1 |     6 ||     7
       Scroll            |       |     1 ||     1
 Stab: Sleeping          |     1 |       ||     1
  Eat: Chunk             |     2 |     4 ||     6
Armor: Scale mail        |    46 |       ||    46
       Plate armour      |    44 |   169 ||   213
       Skin              |       |    10 ||    10
Dodge: Dodged            |    26 |    22 ||    48
Block: Shield            |    77 |    94 ||   171
